 Dungeon Crawl Stone Soup version 0.25-a0-835-gb37b1c2 (webtiles) character file.

Game seed: 13949158406638450540, levelgen mode: deterministic

494 DrEnzyme the Sneak (level 6, 0/28 HPs)
             Began as a Spriggan Wanderer on Mar 23, 2020.
             Slain by a worker ant (7 damage)
             ... on level 4 of the Dungeon on Apr 23, 2020.
             The game lasted 00:15:04 (4556 turns).

DrEnzyme the Sneak (Spriggan Wanderer)              Turns: 4556, Time: 00:15:04

Health: 0/28       AC:  2    Str: 12    XL:     6   Next: 92%
Magic:  15/15      EV: 18    Int: 13    God:
Gold:   143        SH:  0    Dex: 14    Spells: 15/16 levels left

rFire    . . .     SeeInvis +   h - +4 short sword
rCold    . . .     Gourm    .   (shield restricted)
rNeg     . . .     Faith    .   e - +0 robe
rPois    .         Spirit   .   (helmet restricted)
rElec    .         Reflect  .   (no cloak)
rCorr    .         Harm     .   (gloves unavailable)
MR       +....                  (boots unavailable)
Stlth    +++.......             (no amulet)
HPRegen  0.09/turn              (no ring)
MPRegen  0.14/turn              (no ring)

@: very quick
A: very small, unfitting armour, see invisible, herbivore, speed 3, slow
metabolism 2
a: no special abilities


You were on level 4 of the Dungeon.
You were not hungry.

You visited 1 branch of the dungeon, and saw 5 of its levels.

You collected 143 gold pieces.

Inventory:

Hand Weapons
 a - a +2 dagger
 h - a +4 short sword (weapon)
 q - a +0 hunting sling
 t - a +0 trident
Missiles
 r - 26 sling bullets
Armour
 e - a +0 robe (worn)
Jewellery
 k - a cursed ring of teleportation
 s - an uncursed ring of protection from magic
Wands
 o - a wand of paralysis (1)
Scrolls
 b - 5 scrolls of fear
 c - a scroll of noise
 d - 3 scrolls of teleportation
 i - 2 scrolls of identify
 l - 2 scrolls of remove curse
 m - a scroll of immolation {unknown}
 n - 2 scrolls of fog {unknown}
 p - 2 scrolls of enchant weapon {unknown}
 u - a scroll of blinking {unknown}
Potions
 g - a potion of curing {unknown}
 j - a potion of might {unknown}
Comestibles
 f - 10 rations


   Skills:
 + Level 4.4 Short Blades
 + Level 1.0 Throwing
 * Level 3.1 Dodging
 * Level 6.1 Stealth
 + Level 5.5 Spellcasting
   Level 1.0 Ice Magic
 + Level 2.7 Earth Magic
 + Level 1.5 Evocations


You had 15 spell levels left.
You knew the following spells:

 Your Spells              Type           Power        Failure   Level  Hunger
a - Sandblast             Erth           ##....       6%          1    None

Your spell library contained the following spells:

 Spells                   Type           Power        Failure   Level  Hunger
 Stone Arrow              Conj/Erth      #.....       30%         3    ###....


Dungeon Overview and Level Annotations

Branches:
Dungeon (5/15)
 Temple: D:4-7

Altars:

Annotations:
D:4 Dowan, Duvessa


Innate Abilities, Weirdness & Mutations

You are very small and have problems with some larger weapons.
You are too small for most types of armour.
You have supernaturally acute eyesight. (SInv)
You are a herbivore.
You cover ground extremely quickly.
You need to consume almost no food.


Message History

You see here a jackal corpse.
Evoke which item? (* to show all) (? for menu, Esc to quit)
Aiming: Paralyse
Press: ? - help, Shift-Dir - straight line, f - worker ant
Aim: a worker ant (heavily wounded, chance to defeat MR: 59%)
The worker ant resists with significant effort.
Evoke which item? (* to show all) (? for menu, Esc to quit)
Aiming: Paralyse
Press: ? - help, Shift-Dir - straight line, f/p - worker ant
Aim: a worker ant (heavily wounded, chance to defeat MR: 59%)
The worker ant resists with significant effort.
The worker ant bites you.
* * * LOW HITPOINT WARNING * * *
Evoke which item? (* to show all) (? for menu, Esc to quit)
Aiming: Paralyse
Press: ? - help, Shift-Dir - straight line, f/p - worker ant
Aim: a worker ant (heavily wounded, chance to defeat MR: 59%)
The worker ant resists with significant effort.
The worker ant bites you!
You die...

##...##
##.....##
##.......##
#(........#
+.........+
#..†......#
##.>.....##
##..a..##
##.@.##
##+##


You could see a worker ant.

Vanquished Creatures
  A scorpion (D:4)
  2 hounds (D:4)
  4 orc priests
  Jessica (D:2)
  An orc wizard (D:3)
  9 adders
  3 gnolls (D:2)
  A worm (D:3)
  2 dart slugs (D:3)
  A leopard gecko (D:1)
  21 orcs
  4 giant cockroaches
  4 goblins
  6 hobgoblins
  6 jackals
  6 kobolds
  3 quokkas
  7 bats
  3 frilled lizards (D:2)
  7 rats
92 creatures vanquished.

Notes
Turn   | Place    | Note
-------+----------+-------------------------------------------
     0 | D:1      | DrEnzyme the Spriggan Wanderer began the quest for the Orb.
     0 | D:1      | DrEnzyme set off with the following items: a +2 dagger, a
                  | scroll of fear, a scroll of teleportation, a +0 robe, a
                  | ration; and the following spell memorised: Sandblast; and
                  | the following spells available to memorise: Stone Arrow
     0 | D:1      | Reached XP level 1. HP: 9/9 MP: 5/5
   275 | D:1      | Reached XP level 2. HP: 13/13 MP: 2/6
  1220 | D:2      | Reached XP level 3. HP: 16/16 MP: 9/9
  1338 | D:2      | Noticed Jessica
  1342 | D:2      | Killed Jessica
  1342 | D:2      | Reached skill level 1 in Earth Magic
  1371 | D:2      | Reached skill level 4 in Stealth
  1371 | D:2      | Reached XP level 4. HP: 19/21 MP: 6/11
  1518 | D:2      | Noticed a phantom
  1857 | D:3      | Reached skill level 1 in Dodging
  1862 | D:3      | Reached XP level 5. HP: 24/24 MP: 3/12
  1992 | D:3      | Upgraded the game from 0.25-a0-663-gace7076 to
                  | 0.25-a0-835-gb37b1c2
  2364 | D:3      | Paralysed by an orc for 2 turns
  2378 | D:3      | Reached skill level 5 in Stealth
  3446 | D:3      | HP: 1/24 [orc priest/+0 trident (10)]
  3448 | D:3      | Reached XP level 6. HP: 28/28 MP: 8/14
  3546 | D:4      | Noticed Duvessa
  3546 | D:4      | Noticed Dowan
  3887 | D:4      | Reached skill level 5 in Spellcasting
  4251 | D:4      | Reached skill level 6 in Stealth
  4486 | D:5      | Entered Level 5 of the Dungeon
  4556 | D:4      | Slain by a worker ant

Levels and vault maps discovered:
D:1:      enne_arrival_octagon_isle, layout_basic, minivault_5,
          minmay_pentomino_q2
D:2:      layout_rooms, first_ration, st_stairs_1, uniq_jessica
D:3:      layout_loops_ring
D:4:      minmay_wonky_spiral, layout_loops_corners, lemuel_temple_firewalk_a,
          feat_on_display, uniq_duvessa
D:5:      layout_basic, nicolae_overflow_crystal_walls,
          okawaru_altar_gauntlet_db, eino_tiny_chamber, uniq_sigmund, uniq_ijyb

Skill      XL: |  1  2  3  4  5  6 |
---------------+-------------------+-----
Spellcasting   | 3 4 5 |  5.5
Earth Magic    | 1 2 |  2.7
Stealth        | 4 5 6 |  6.1
Dodging        | 1 2 3 |  3.1
Short Blades   | 4 |  4.4
Throwing       | |  1.0
Ice Magic      | |  1.0
Evocations     | |  1.5

Action                   |  1- 3 |  4- 6 || total
-------------------------+-------+-------++-------
Melee: Dagger            |     2 |       ||     2
       Short sword       |    17 |   168 ||   185
 Cast: Sandblast         |    27 |    56 ||    83
Evoke: Wand              |       |     6 ||     6
  Use: Scroll            |       |     5 ||     5
       Potion            |       |     3 ||     3
 Stab: Sleeping          |     4 |     7 ||    11
       Distracted        |       |     1 ||     1
       Paralysed         |       |     2 ||     2
  Eat: Ration            |       |     1 ||     1
Armor: Robe              |     1 |     8 ||     9
       Skin              |       |    24 ||    24
Dodge: Dodged            |    21 |   133 ||   154

Table legend:
 A = Non-vault XP
 B = Vault XP
 C = Vault XP percentage of total XP
 D = Non-vault monster count
 E = Vault monster count
 F = Vault count percentage of total count
                 A         B        C        D         E       F
            +---------+---------+-------+---------+---------+-------
      Total |     625 |      82 |  11.6 |      88 |       4 |   4.3
            +---------+---------+-------+---------+---------+-------
        D:1 |      17 |       0 |   0.0 |      10 |       0 |   0.0
        D:2 |      99 |      40 |  28.8 |      17 |       3 |  15.0
        D:3 |     286 |       0 |   0.0 |      46 |       0 |   0.0
        D:4 |     210 |      42 |  16.7 |      14 |       1 |   6.7
        D:5 |      13 |       0 |   0.0 |       1 |       0 |   0.0
            +---------+---------+-------+---------+---------+-------
